 Dungeon Crawl Stone Soup version 0.26.0-45-g9c1d065592 (webtiles) character file.

Game seed: 4361258354942776881

381 thiole the Stinger (level 6, -6/36 HPs)
             Began as an Octopode Venom Mage on Jan 27, 2021.
             Mangled by a river rat (8 damage)
             ... in a sewer.
             The game lasted 00:07:34 (4489 turns).

thiole the Stinger (Octopode Venom Mage)            Turns: 4489, Time: 00:07:34

Health: -6/36      AC:  1    Str:  8    XL:     6   Next: 75%
Magic:  1/10       EV: 13    Int: 19    God:
Gold:   189        SH:  0    Dex: 12    Spells: 4/11 levels left

rFire    . . .     SeeInvis .   (no weapon)
rCold    . . .     Faith    .   (no shield)
rNeg     . . .     Spirit   .   (helmet restricted)
rPois    .         Reflect  .   (no amulet)
rElec    .         Harm     .   (no ring)
rCorr    .         Rampage  .   (no ring)
Will     .....                  (no ring)
Stlth    +++++.....             (no ring)
HPRegen  0.12/turn              (no ring)
MPRegen  0.12/turn              (no ring)
                                (no ring)
                                (no ring)

@: no status effects
A: almost no armour, stealthy swim, amphibious, 8 rings, constrict 8, camouflage
1, gelatinous body 1
a: no special abilities


You were in a sewer.
You visited 1 branch of the dungeon, and saw 4 of its levels.
You also visited: Sewer.

You collected 189 gold pieces.

Inventory:

Jewellery
 o - an uncursed ring of stealth {unknown}
Scrolls
 a - a scroll of fear {unknown}
 b - 6 scrolls of identify {unknown}
 d - 3 scrolls of remove curse {unknown}
 h - a scroll of blinking {unknown}
 i - a scroll of enchant armour {unknown}
 j - a scroll of amnesia {unknown}
 k - a scroll of immolation {unknown}
 l - 2 scrolls of teleportation {unknown}
Potions
 e - a potion of berserk rage {unknown}
 f - a potion of mutation {unknown}
 g - 2 potions of brilliance {unknown}
 m - 2 potions of curing {unknown}
 n - a potion of lignification {unknown}
 p - a potion of might {unknown}


   Skills:
 - Level 2.0 Dodging
 + Level 4.5 Stealth
 + Level 3.0 Spellcasting
 * Level 3.7 Transmutations
 * Level 1.5 Fire Magic
 * Level 5.7 Poison Magic


You had 4 spell levels left.
You knew the following spells:

 Your Spells              Type           Power        Failure   Level
a - Sting                 Tmut/Pois      80%          2%          1
b - Ignite Poison         Fire/Tmut/Pois 16%          10%         3
c - Mephitic Cloud        Conj/Pois/Air  10%          21%         3

Your spell library contained the following spells:

 Spells                   Type           Power        Failure   Level
 Poisonous Vapours        Pois/Air       26%          7%          2
 Olgreb's Toxic Radiance  Pois           24%          14%         4


Dungeon Overview and Level Annotations

Branches:
Dungeon (4/15)             Temple (0/1) D:4           Sewer (1/1)

Altars:
Sif Muna
Vehumet

Annotations:
D:2 1 runed translucent door, Crazy Yiuf


Innate Abilities, Weirdness & Mutations

You cannot wear most types of armour.
You are very stealthy in the water. (Stealth+)
You are amphibious.
You can wear up to eight rings at the same time.
You can use your tentacles to constrict eight enemies at once.
Your skin changes colour to match your surroundings (Stealth+).
Your rubbery body absorbs attacks. (AC +1, EV +1)


Message History

You completely miss the river rat. You grab the river rat.
You constrict the river rat. The river rat bites you. The river rat misses you.
You release your grip on the river rat.
You tentacle-slap the rat. You grab the rat.
The rat is heavily wounded.
You constrict the rat.
You kill the rat!
The river rat barely misses you. x2
You tentacle-slap the rat but do no damage.
You grab the rat. You constrict the rat. The river rat bites you.
* * * LOW HITPOINT WARNING * * *
The river rat barely misses you.
You tentacle-slap the rat but do no damage.
The rat is heavily wounded.
You constrict the rat.
You kill the rat!
The river rat bites you.
* * * LOW HITPOINT WARNING * * *
The river rat bites you!
You die...

....≈.≈≈≈≈≈≈≈..
#.....≈≈≈≈≈.≈..
....≈≈≈≈≈≈≈...
...≈≈≈≈≈≈≈... #.
#..≈≈≈≈..... ##..
#..≈≈≈≈≈... #...
##..≈≈≈.....
#...##..≈@†≈.....
### #......≈rr......
#∩#
#....†.≈≈≈.....###.#
#.....≈≈≈.......#..#
#......≈≈≈........##
##.....≈≈≈........##
#...††.≈≈≈.≈.....##
##.†....≈≈≈≈≈.....##
#†..#†...≈≈≈≈......#


You could see 2 river rats.

Vanquished Creatures
  An orc priest (D:4)
  A hound (D:4)
  Natasha (twice) (D:2)
  2 orc wizards (D:4)
  10 adders
  A river rat (Sewer)
  4 oozes
  2 worms
  3 leopard geckos
  2 orcs
  3 giant cockroaches (D:2)
  13 hobgoblins
  4 jackals (D:1)
  9 kobolds
  3 quokkas (D:3)
  3 ball pythons
  5 bats
  4 frilled lizards
  9 goblins
  25 rats
106 creatures vanquished.

Notes
Turn   | Place    | Note
-------+----------+-------------------------------------------
     0 | D:1      | thiole the Octopode Venom Mage began the quest for the Orb.
     0 | D:1      | Reached XP level 1. HP: 11/11 MP: 3/3
    29 | D:1      | Reached XP level 2. HP: 5/17 MP: 0/5
   283 | D:1      | Reached skill level 4 in Poison Magic
   551 | D:1      | Reached XP level 3. HP: 21/21 MP: 3/6
  1512 | D:2      | Reached XP level 4. HP: 27/27 MP: 4/7
  2115 | D:2      | Learned a level 3 spell: Ignite Poison
  2217 | D:2      | Found a faded altar of an unknown god.
  2392 | D:2      | Noticed Natasha
  2400 | D:2      | Killed Natasha
  2401 | D:2      | Reached skill level 5 in Poison Magic
  2401 | D:2      | Reached XP level 5. HP: 24/31 MP: 3/8
  2732 | D:2      | Noticed Natasha
  2738 | D:2      | Killed Natasha
  2782 | D:2      | Found a runed translucent door.
  2783 | D:2      | Noticed Crazy Yiuf
  2855 | D:3      | Found a radiant altar of Vehumet.
  3553 | D:3      | Found a shimmering blue altar of Sif Muna.
  3771 | D:3      | Learned a level 3 spell: Mephitic Cloud
  3836 | D:4      | Reached XP level 6. HP: 28/36 MP: 4/10
  3864 | D:4      | Found a staircase to the Ecumenical Temple.
  3999 | D:4      | Reached skill level 1 in Fire Magic
  4054 | D:4      | Found a glowing drain.
  4069 | Sewer    | Entered a sewer
  4489 | Sewer    | Mangled by a river rat

Illustrated notes

Levels and vault maps discovered:
D:1:      sevenhm_arrival_forest_fort_small_5, layout_basic
D:2:      layout_loops_ring, chequers_ecumenical_altar_simple, uniq_natasha,
          uniq_crazy_yiuf_cottage
D:3:      layout_basic, general_overflow_altar, fiery_altar_vehumet,
          bh_walls_and_bars
D:4:      layout_loops_corners, minmay_temple_entry_enclosed_plants,
          portal_sewer_entry_d, hangedman_decor_growths,
          kennysheep_generic_room_4
Sewer:    sewer_minmay_treatment

Skill      XL: |  1  2  3  4  5  6 |
---------------+-------------------+-----
Poison Magic   | 4 5 |  5.7
Stealth        | 3 4 |  4.5
Transmutations | 2 3 |  3.7
Fire Magic     | 1 |  1.5
Spellcasting   | 3 |  3.0
Dodging        | |  2.0

Action                   |  1- 3 |  4- 6 || total
-------------------------+-------+-------++-------
Melee: Unarmed           |    45 |    80 ||   125
       Tentacles         |     9 |    10 ||    19
       Constrict         |    13 |    22 ||    35
 Cast: Sting             |    54 |   115 ||   169
       Ignite Poison     |       |     3 ||     3
  Use: Potion            |       |     3 ||     3
Armor: Skin              |     5 |     6 ||    11
Dodge: Dodged            |    30 |    72 ||   102
